Workbook

Sheet INGRESOS CUENTA COLECT
A6: Instituto Nacional del Cáncer Rosa Emilia Sánchez Pérez de Tavares
A7: Balance Inicial: Cta. 9995033000
A8: Libro Banco
A9: Del 01 Al 31 De Marzo 2025
B13: Cuenta Bancaria No: 010-252753-9
B14: Balance Inicial: Cta. 9995033000 | G14: =+'[1]CTA. RECOLECTORA (010) y 3000'!$G$10233 -> 57554737
G15: 0
B16: Fecha | C16: No. Ck/Transf. | D16: Descripcion | E16: Debito | F16: Credito | G16: Balance
D17: 45716 | E17: ='[2]CTA. RECOLECTORA (010)'!E6 -> 0 | F17: 0 | G17: =+G14 -> 57554737
B18: 45717 | D18: NOTA DEBITO POR COBRO TARJETA CREDITO FEBRERO 2025 | F18: 2381.15 | G18: =G17+E18-F18 -> 57552356
B19: 45717 | D19: DEPOSITO | E19: 10500 | G19: =G18+E19-F19 -> 57562856
B20: 45717 | D20: NOTA DEBITO POR COBRO TARJETA CREDITO CARDNET | E20: 7943 | F20: 198.58 | G20: =G19+E20-F20 -> 57570601
B21: 45718 | D21: DEPOSITO | E21: 37000 | G21: =G20+E21-F21 -> 57607601
B22: 45718 | D22: NOTA DEBITO POR COBRO TARJETA CREDITO CARDNET | E22: 4500 | F22: 122.4 | G22: =G21+E22-F22 -> 57611978
B23: 45719 | D23: DEPOSITO | E23: 91220 | G23: =G22+E23-F23 -> 57703198
B24: 45719 | D24: DEPOSITO | E24: 69087 | G24: =G23+E24-F24 -> 57772285
B25: 45719 | D25: DEPOSITO | E25: 26800 | G25: =G24+E25-F25 -> 57799085
B26: 45719 | D26: DEPOSITO | E26: 16415 | G26: =G25+E26-F26 -> 57815500
B27: 45719 | D27: DEPOSITO | E27: 15941 | G27: =G26+E27-F27 -> 57831441
B28: 45719 | D28: DEPOSITO | E28: 2500 | G28: =G27+E28-F28 -> 57833941
B29: 45719 | D29: DEPOSITO | E29: 1850 | G29: =G28+E29-F29 -> 57835791
B30: 45719 | D30: NOTA DEBITO POR COBRO TARJETA CREDITO CARDNET | E30: 70483.37 | F30: 1814.39 | G30: =G29+E30-F30 -> 57904460
B31: 45719 | D31: DEPOSITO VIA TRANSF. ARS SENASA | E31: 214370.4 | G31: =G30+E31-F31 -> 58118831
B32: 45719 | D32: DEPOSITO VIA TRANSF. ARS SENASA | E32: 308017.5 | G32: =G31+E32-F32 -> 58426848
B33: 45719 | D33: DEPOSITO VIA TRANSF. ARS SENASA | E33: 6139 | G33: =G32+E33-F33 -> 58432987
B34: 45719 | D34: DEPOSITO VIA TRANSF. ARS SENASA | E34: 1640827.4 | G34: =G33+E34-F34 -> 60073814
B35: 45719 | D35: DEPOSITO VIA TRANSF. ARS SENASA | E35: 1011504.4 | G35: =G34+E35-F35 -> 61085319
B36: 45719 | D36: DEPOSITO VIA TRANSF. ARS SENASA | E36: 601402.5 | G36: =G35+E36-F36 -> 61686721
B37: 45719 | D37: DEPOSITO VIA TRANSF. ARS SENASA | E37: 7302944.3 | G37: =G36+E37-F37 -> 68989666
B38: 45719 | D38: DEPOSITO VIA TRANSF. ARS SENASA | E38: 879805.08 | G38: =G37+E38-F38 -> 69869471
B39: 45719 | D39: DEPOSITO VIA TRANSF. ARS SENASA | E39: 115684.46 | G39: =G38+E39-F39 -> 69985155
B40: 45719 | D40: DEPOSITO VIA TRANSF. ARS SENASA | E40: 175578.11 | G40: =G39+E40-F40 -> 70160733
B41: 45719 | D41: DEPOSITO VIA TRANSF. ARS SENASA | E41: 1079777.4 | G41: =G40+E41-F41 -> 71240511
B42: 45719 | D42: DEPOSITO VIA TRANSF. ARS SENASA | E42: 57681 | G42: =G41+E42-F42 -> 71298192
... B51: 45720 | D51: DEPOSITO | E51: 2656 | G51: =G50+E51-F51 -> 71603930
B52: 45720 | D52: NOTA DEBITO POR COBRO TARJETA CREDITO CARDNET | E52: 52018.2 | F52: 1381.3 | G52: =G51+E52-F52 -> 71654567
B53: 45721 | D53: DEPOSITO | E53: 62680 | G53: =G52+E53-F53 -> 71717247
B54: 45721 | D54: DEPOSITO | E54: 190 | G54: =G53+E54-F54 -> 71717437
B55: 45721 | D55: DEPOSITO | E55: 37076 | G55: =G54+E55-F55 -> 71754513
B56: 45721 | D56: DEPOSITO | E56: 2900 | G56: =G55+E56-F56 -> 71757413
B57: 45721 | D57: DEPOSITO | E57: 8800 | G57: =G56+E57-F57 -> 71766213
B58: 45721 | D58: DEPOSITO | E58: 11100 | G58: =G57+E58-F58 -> 71777313
B59: 45721 | D59: DEPOSITO | E59: 24610 | G59: =G58+E59-F59 -> 71801923
B60: 45721 | D60: DEPOSITO | E60: 15850 | G60: =G59+E60-F60 -> 71817773
B61: 45721 | D61: NOTA DEBITO POR COBRO TARJETA CREDITO CARDNET | E61: 43538.56 | F61: 1092.45 | G61: =G60+E61-F61 -> 71860219
B62: 45722 | D62: DEPOSITO | E62: 37960 | G62: =G61+E62-F62 -> 71898179
B63: 45722 | D63: DEPOSITO | E63: 22750 | G63: =G62+E63-F63 -> 71920929
B64: 45722 | D64: DEPOSITO | E64: 3000 | G64: =G63+E64-F64 -> 71923929
B65: 45722 | D65: DEPOSITO | E65: 9355 | G65: =G64+E65-F65 -> 71933284
B66: 45722 | D66: DEPOSITO | E66: 4860 | G66: =G65+E66-F66 -> 71938144
B67: 45722 | D67: DEPOSITO | E67: 30750 | G67: =G66+E67-F67 -> 71968894
B68: 45722 | D68: DEPOSITO | E68: 12375 | G68: =G67+E68-F68 -> 71981269
B69: 45722 | D69: DEPOSITO | E69: 625 | G69: =G68+E69-F69 -> 71981894
B70: 45722 | D70: NOTA DEBITO POR COBRO TARJETA CREDITO CARDNET | E70: 125908.13 | F70: 3236.34 | G70: =G69+E70-F70 -> 72104566
B71: 45722 | D71: DEPOSITO CK. SOLEO FOOD SERVICES SRL PAGO RENTA CAFETERIA | E71: 75000 | G71: =G70+E71-F71 -> 72179566
B72: 45723 | D72: DEPOSITO | E72: 25220 | G72: =G71+E72-F72 -> 72204786
B73: 45723 | D73: DEPOSITO | E73: 2320 | G73: =G72+E73-F73 -> 72207106
B74: 45723 | D74: DEPOSITO | E74: 12151 | G74: =G73+E74-F74 -> 72219257
B75: 45723 | D75: DEPOSITO | E75: 6675 | G75: =G74+E75-F75 -> 72225932
B76: 45723 | D76: DEPOSITO | E76: 24350 | G76: =G75+E76-F76 -> 72250282
B77: 45723 | D77: DEPOSITO | E77: 5610 | G77: =G76+E77-F77 -> 72255892
B78: 45723 | D78: DEPOSITO | E78: 58540 | G78: =G77+E78-F78 -> 72314432
B79: 45723 | D79: NOTA DEBITO POR COBRO TARJETA CREDITO CARDNET | E79: 68747.3 | F79: 1796.65 | G79: =G78+E79-F79 -> 72381382
B80: 45723 | D80: pago de alquiler de espacio máquinas expendedoras snacks y café por RD$$20,000.00 de parte de VS Solution, SRL mes Marzo 2025 | E80: 20000 | G80: =G79+E80-F80 -> 72401382
B81: 45723 | D81: TRANSF. DE CUENTA 3000 A 3001 PARA PAGOS | F81: 4841859.8 | G81: =G80+E81-F81 -> 67559523
B82: 45723 | C82: 911-1 | D82: DIFERENCIA POR EN TASA CAMBIARIA BADER MARIA PEDEMONTE DE COIRA (MP PATHOLOGY) | F82: 33480.66 | G82: =G81+E82-F82 -> 67526042
B83: 45723 | C83: 1031-1 | D83: BADER MARIA PEDEMONTE DE COIRA | F83: 2585472.1 | G83: =G82+E83-F83 -> 64940570
B84: 45724 | D84: DEPOSITO | E84: 16935 | G84: =G83+E84-F84 -> 64957505
B85: 45724 | D85: NOTA DEBITO POR COBRO TARJETA CREDITO CARDNET | E85: 7500 | F85: 187.5 | G85: =G84+E85-F85 -> 64964817
B86: 45725 | D86: DEPOSITO | E86: 435 | G86: =G85+E86-F86 -> 64965252
B87: 45725 | D87: NOTA DEBITO POR COBRO TARJETA CREDITO CARDNET | E87: 57281.62 | F87: 1462.85 | G87: =G86+E87-F87 -> 65021071
B88: 45726 | D88: DEPOSITO | E88: 26865 | G88: =G87+E88-F88 -> 65047936
B89: 45726 | D89: DEPOSITO | E89: 28940 | G89: =G88+E89-F89 -> 65076876
B90: 45726 | D90: DEPOSITO | E90: 2750 | G90: =G89+E90-F90 -> 65079626
B91: 45726 | D91: DEPOSITO | E91: 23125 | G91: =G90+E91-F91 -> 65102751
B92: 45726 | D92: DEPOSITO | E92: 3050 | G92: =G91+E92-F92 -> 65105801
B93: 45726 | D93: DEPOSITO | E93: 38940 | G93: =G92+E93-F93 -> 65144741
B94: 45726 | D94: DEPOSITO | E94: 2650 | G94: =G93+E94-F94 -> 65147391
B95: 45726 | D95: NOTA DEBITO POR COBRO TARJETA CREDITO CARDNET | E95: 104145.48 | F95: 2704.84 | G95: =G94+E95-F95 -> 65248832
B96: 45726 | D96: Dp via transferencia Francisco José Álvarez de la Cruz Récord # 2025/1632 paraAbono Cirugía (factura #343817-25 por el monto de RD$10,000.00 | E96: 10000 | G96: =G95+E96-F96 -> 65258832
B97: 45726 | D97: TRANSF. DE CUENTA 3000 A 3001 PARA PAGOS | F97: 15098575 | G97: =G96+E97-F97 -> 50160257
B98: 45727 | D98: DEPOSITO | E98: 49470 | G98: =G97+E98-F98 -> 50209727
B99: 45727 | D99: DEPOSITO | E99: 86000 | G99: =G98+E99-F99 -> 50295727
B100: 45727 | D100: DEPOSITO | E100: 3450 | G100: =G99+E100-F100 -> 50299177
B101: 45727 | D101: DEPOSITO | E101: 7900 | G101: =G100+E101-F101 -> 50307077
B102: 45727 | D102: DEPOSITO | E102: 1350 | G102: =G101+E102-F102 -> 50308427
B103: 45727 | D103: DEPOSITO | E103: 75505 | G103: =G102+E103-F103 -> 50383932
B104: 45727 | D104: DEPOSITO | E104: 5082 | G104: =G103+E104-F104 -> 50389014
B105: 45727 | D105: NOTA DEBITO POR COBRO TARJETA CREDITO CARDNET | E105: 59863.08 | F105: 1573.64 | G105: =G104+E105-F105 -> 50447303
B106: 45727 | D106: DEPOSITO VIA TRANSF. ARS SENASA | E106: 30568 | G106: =G105+E106-F106 -> 50477871
B107: 45727 | D107: Dp via transferencia César Antonio Geraldino Récord # 2025/858 para Abono salida Hospitalización (nota de interés pendiente de factura). por el monto de RD$16,443.00 | E107: 16443 | G107: =G106+E107-F107 -> 50494314
B108: 45727 | D108: TRANSF. DE CUENTA 3000 A 3001 PARA PAGOS | F108: 1822424 | G108: =G107+E108-F108 -> 48671890
B109: 45728 | D109: DEPOSITO | E109: 35915 | G109: =G108+E109-F109 -> 48707805
B110: 45728 | D110: DEPOSITO | E110: 54027 | G110: =G109+E110-F110 -> 48761832
B111: 45728 | D111: DEPOSITO | E111: 2650 | G111: =G110+E111-F111 -> 48764482
B112: 45728 | D112: DEPOSITO | E112: 21460 | G112: =G111+E112-F112 -> 48785942
B113: 45728 | D113: DEPOSITO | E113: 2520 | G113: =G112+E113-F113 -> 48788462
B114: 45728 | D114: DEPOSITO | E114: 13800 | G114: =G113+E114-F114 -> 48802262
B115: 45728 | D115: DEPOSITO | E115: 4230 | G115: =G114+E115-F115 -> 48806492
B116: 45728 | D116: NOTA DEBITO POR COBRO TARJETA CREDITO CARDNET | E116: 79112.22 | F116: 2025.2 | G116: =G115+E116-F116 -> 48883579
...

Sheet EGRESOS CTA. AUXILIAR 3001
A5: Servicio Nacional de Salud
C6: Instituto Nacional del Cáncer Rosa Emilia Sánchez Pérez de Tavares
C7: Cuenta Colectora Auxiliar no. 99995033001
C8: Libro Banco
C9: Del 01 Al 31 De Marzo 2025
D11: Cuenta Bancaria No: AUXILIAR NO. 9995033001
D12: Balance Inicial: | I12: =+'[1]CTA. RECOLECTORA AUXILIAR 3001'!$J$5894 -> -35645933
D13: Fecha | E13: No. Ck/Transf. | F13: Descripcion | G13: Debito | H13: Credito | I13: Balance
F14: =+'INGRESOS CUENTA COLECT'!D17 -> 45716 | H14: 0 | I14: =+I12 -> -35645933
D15: 45719 | E15: 935-1 | F15: RETENCION 0.5% POR TRASF. VIA LIBRAMIENTOS A PROVEERDORES | H15: 74768.69 | I15: =I14+G15-H15 -> -35720702
D16: 45719 | E16: 935-1 | F16: GTG INDUSTRIAL, S. R. L. | H16: 1689772.3 | I16: =I15+G16-H16 -> -37410474
D17: 45719 | E17: 957-1 | F17: RETENCION 0.5% POR TRASF. VIA LIBRAMIENTOS A PROVEERDORES | H17: 18871 | I17: =I16+G17-H17 -> -37429345
D18: 45719 | E18: 957-1 | F18: GTG INDUSTRIAL, S. R. L. | H18: 426484.6 | I18: =I17+G18-H18 -> -37855830
D19: 45719 | E19: 961-1 | F19: RETENCION 0.5% POR TRASF. VIA LIBRAMIENTOS A PROVEERDORES | H19: 3775.25 | I19: =I18+G19-H19 -> -37859605
D20: 45719 | E20: 961-1 | F20: GTG INDUSTRIAL, S. R. L. | H20: 85320.65 | I20: =I19+G20-H20 -> -37944926
D21: 45721 | E21: 1007-1 | F21: INSTITUTO TECNOLOGICO DE SANTO DOMINGO, INTEC | H21: 64430 | I21: =I20+G21-H21 -> -38009356
D22: 45722 | E22: 1014-1 | F22: RETENCION 0.5% POR TRASF. VIA LIBRAMIENTOS A PROVEERDORES | H22: 9288.5 | I22: =I21+G22-H22 -> -38018644
D23: 45722 | E23: 1014-1 | F23: GTG INDUSTRIAL, S. R. L. | H23: 209920.1 | I23: =I22+G23-H23 -> -38228564
D24: 45722 | E24: 1012-1 | F24: DHL DOMINICANA, S.A. | H24: 84817.26 | I24: =I23+G24-H24 -> -38313382
D25: 45722 | E25: 1016-1 | F25: PHARMACEUTICAL TECHNOLOGY, S. A. | H25: 3870000 | I25: =I24+G25-H25 -> -42183382
D26: 45723 | F26: TRANSF. DE CUENTA 3000 A 3001 PARA PAGOS | G26: 4842640.9 | I26: =I25+G26-H26 -> -37340741
D27: 45723 | E27: 1033-1 | F27: RETENCION 0.5% POR TRASF. VIA LIBRAMIENTOS A PROVEERDORES | H27: 3157.5 | I27: =I26+G27-H27 -> -37343898
D28: 45723 | E28: 1033-1 | F28: MITCH MART, S.R.L. | H28: 71359.5 | I28: =I27+G28-H28 -> -37415258
D29: 45725 | E29: 1051-1 | F29: RETENCION 0.5% POR TRASF. VIA LIBRAMIENTOS A PROVEERDORES | H29: 2144 | I29: =I28+G29-H29 -> -37417402
D30: 45725 | E30: 1051-1 | F30: PROVEDEX DR, S.R.L. | H30: 40736 | I30: =I29+G30-H30 -> -37458138
D31: 45725 | E31: 1053-1 | F31: RETENCION 0.5% POR TRASF. VIA LIBRAMIENTOS A PROVEERDORES | H31: 1705 | I31: =I30+G31-H31 -> -37459843
D32: 45725 | E32: 1053-1 | F32: LUFISA COMERCIAL, S.R.L. | H32: 32395 | I32: =I31+G32-H32 -> -37492238
D33: 45725 | E33: 1055-1 | F33: RETENCION 0.5% POR TRASF. VIA LIBRAMIENTOS A PROVEERDORES | H33: 4088.5 | I33: =I32+G33-H33 -> -37496326
D34: 45725 | E34: 1055-1 | F34: INVERSIONES ND & ASOCIADOS, S.R.L. | H34: 77681.5 | I34: =I33+G34-H34 -> -37574008
D35: 45726 | F35: TRANSF. DE CUENTA 3000 A 3001 PARA PAGOS | G35: 15098575 | I35: =I34+G35-H35 -> -22475433
D36: 45726 | E36: 1074-1 | F36: HUMANO SEGUROS, S.A. | H36: 309724.1 | I36: =I35+G36-H36 -> -22785157
D37: 45726 | E37: 1078-1 | F37: MAPFRE SALUD ARS, S.A. | H37: 72750.15 | I37: =I36+G37-H37 -> -22857907
D38: 45726 | E38: 1082-1 | F38: SEGURO NACIONAL DE SALUD (SENASA) | H38: 266628.11 | I38: =I37+G38-H38 -> -23124535
D39: 45726 | E39: 1087-1 | F39: SEGUROS SURA, S.A. | H39: 131660.95 | I39: =I38+G39-H39 -> -23256196
D40: 45726 | E40: 1089-1 | F40: RETENCION 0.5% POR TRASF. VIA LIBRAMIENTOS A PROVEERDORES | H40: 20000 | I40: =I39+G40-H40 -> -23276196
D41: 45726 | E41: 1089-1 | F41: RADIONCOL SERVICIOS MEDICOS, S. R. L. | H41: 380000 | I41: =I40+G41-H41 -> -23656196
D42: 45727 | F42: TRANSF. DE CUENTA 3000 A 3001 PARA PAGOS | G42: 1822424 | I42: =I41+G42-H42 -> -21833772
D43: 45727 | E43: 1120-1 | F43: DOCTORES MALLEN GUERRA, S. A. | H43: 558000 | I43: =I42+G43-H43 -> -22391772
D44: 45727 | E44: 1122-1 | F44: DOCTORES MALLEN GUERRA, S. A. | H44: 912000 | I44: =I43+G44-H44 -> -23303772
D45: 45727 | E45: 1124-1 | F45: RETENCION 0.5% POR TRASF. VIA LIBRAMIENTOS A PROVEERDORES | H45: 32755.783 | I45: =I44+G45-H45 -> -23336528
D46: 45727 | E46: 1124-1 | F46: RETENCION 0.30% POR TRASF. VIA LIBRAMIENTOS A PROVEERDORES | H46: 35376.246 | I46: =I45+G46-H46 -> -23371904
D47: 45727 | E47: 1124-1 | F47: KYODOM, S.R.L. | H47: 704904.45 | I47: =I46+G47-H47 -> -24076809
D48: 45728 | F48: TRANSF. DE CUENTA 3000 A 3001 PARA PAGOS | G48: 7592797.1 | I48: =I47+G48-H48 -> -16484011
D49: 45728 | E49: 1144-1 | F49: RETENCION 0.5% POR TRASF. VIA LIBRAMIENTOS A PROVEERDORES | H49: 6350 | I49: =I48+G49-H49 -> -16490361
D50: 45728 | E50: 1144-1 | F50: RETENCION 0.30% POR TRASF. VIA LIBRAMIENTOS A PROVEERDORES | H50: 6858 | I50: =I49+G50-H50 -> -16497219
D51: 45728 | E51: 1144-1 | F51: QUIMICOS ESPECIALIZADOS (QUIES) | H51: 136652 | I51: =I50+G51-H51 -> -16633871
D52: 45728 | E52: 2025-1149-1 | F52: OSCAR A. RENTA NEGRON, S. A. | H52: 216290.2 | I52: =I51+G52-H52 -> -16850162
D53: 45728 | E53: 2025-1156-1 | F53: OSCAR A. RENTA NEGRON, S. A. | H53: 829500 | I53: =I52+G53-H53 -> -17679662
D54: 45730 | E54: 1250-1 | F54: RETENCION 0.5% POR TRASF. VIA LIBRAMIENTOS A PROVEERDORES | H54: 12577.119 | I54: =I53+G54-H54 -> -17692239
D55: 45730 | E55: 1250-1 | F55: QUALIPLIERS E.I.R.L. | H55: 284242.88 | I55: =I54+G55-H55 -> -17976482
D56: 45730 | E56: 1252-1 | F56: RETENCION 0.5% POR TRASF. VIA LIBRAMIENTOS A PROVEERDORES | H56: 1037.5 | I56: =I55+G56-H56 -> -17977519
D57: 45730 | E57: 1252-1 | F57: SUPLIDORES MEDICOS COMERCIALES, SRL (SUMEDCOR) | H57: 23447.5 | I57: =I56+G57-H57 -> -18000967
D58: 45730 | E58: 1256-1 | F58: RETENCION 0.5% POR TRASF. VIA LIBRAMIENTOS A PROVEERDORES | H58: 17500 | I58: =I57+G58-H58 -> -18018467
D59: 45730 | E59: 1256-1 | F59: SUPLIDORES MEDICOS COMERCIALES, SRL (SUMEDCOR) | H59: 395500 | I59: =I58+G59-H59 -> -18413967
D60: 45730 | E60: 1256-1 | F60: RETENCION 0.5% POR TRASF. VIA LIBRAMIENTOS A PROVEERDORES | H60: 9550 | I60: =I59+G60-H60 -> -18423517
... D85: 45730 | E85: 1286-1 | F85: MUEBLES & EQUIPOS PARA OFICINA LEON GONZALEZ | H85: 187128 | I85: =I84+G85-H85 -> -21983696
D86: 45728 | F86: TRANSF. DE CUENTA 3000 A 3001 PARA PAGOS | G86: 2298992.5 | I86: =I85+G86-H86 -> -19684704
D87: 45734 | F87: TRANSF. DE CUENTA 3000 A 3001 PARA PAGOS | G87: 64430 | I87: =I86+G87-H87 -> -19620274
D88: 45734 | E88: 1371-1 | F88: RETENCION 0.5% POR TRASF. VIA LIBRAMIENTOS A PROVEERDORES | H88: 1330 | I88: =I87+G88-H88 -> -19621604
D89: 45734 | E89: 1371-1 | F89: ACTUALIDADES VD, S.R.L. | H89: 30058 | I89: =I88+G89-H89 -> -19651662
D90: 45734 | E90: 1374-1 | F90: RETENCION 0.5% POR TRASF. VIA LIBRAMIENTOS A PROVEERDORES | H90: 525 | I90: =I89+G90-H90 -> -19652187
D91: 45734 | E91: 1374-1 | F91: ACTUALIDADES VD, S.R.L. | H91: 11865 | I91: =I90+G91-H91 -> -19664052
D92: 45734 | E92: 1376-1 | F92: RETENCION 0.5% POR TRASF. VIA LIBRAMIENTOS A PROVEERDORES | H92: 740.5 | I92: =I91+G92-H92 -> -19664792
D93: 45734 | E93: 1376-1 | F93: ACTUALIDADES VD, S.R.L. | H93: 16735.3 | I93: =I92+G93-H93 -> -19681527
D94: 45734 | E94: 1379-1 | F94: RETENCION 0.5% POR TRASF. VIA LIBRAMIENTOS A PROVEERDORES | H94: 15564.618 | I94: =I93+G94-H94 -> -19697092
D95: 45734 | E95: 1379-1 | F95: CENTROXPERT STE, S.R.L. | H95: 351760.36 | I95: =I94+G95-H95 -> -20048852
D96: 45734 | E96: 1389-1 | F96: RETENCION 0.5% POR TRASF. VIA LIBRAMIENTOS A PROVEERDORES | H96: 563.825 | I96: =I95+G96-H96 -> -20049416
D97: 45734 | E97: 1389-1 | F97: RAMIREZ & MOJICA, S.R.L. | H97: 12742.44 | I97: =I96+G97-H97 -> -20062159
D98: 45734 | E98: 1395-1 | F98: RETENCION 0.5% POR TRASF. VIA LIBRAMIENTOS A PROVEERDORES | H98: 4987.5 | I98: =I97+G98-H98 -> -20067146
D99: 45734 | E99: 1395-1 | F99: INVERSIONES TEJADA VALERA FD, SRL | H99: 112717.5 | I99: =I98+G99-H99 -> -20179864
... D114: 45734 | E114: 1410-1 | F114: POWER MACHINERY, S.R.L. | H114: 894834.31 | I114: =I113+G114-H114 -> -21603730
D115: 45735 | F115: TRANSF. DE CUENTA 3000 A 3001 PARA PAGOS | G115: 4174025.9 | I115: =I114+G115-H115 -> -17429705
D116: 45736 | F116: TRANSF. DE CUENTA 3000 A 3001 PARA PAGOS | G116: 233267 | I116: =I115+G116-H116 -> -17196438
D117: 45736 | E117: 1451-1 | F117: RETENCION 0.5% POR TRASF. VIA LIBRAMIENTOS A PROVEERDORES | H117: 9060.666 | I117: =I116+G117-H117 -> -17205498
D118: 45736 | E118: 1451-1 | F118: CEPEDA ENCARNACION SERVICIOS DE INGENIERIA, S.R.L. | H118: 204771.05 | I118: =I117+G118-H118 -> -17410269
D119: 45736 | E119: 1458-1 | F119: RETENCION 0.5% POR TRASF. VIA LIBRAMIENTOS A PROVEERDORES | H119: 6000 | I119: =I118+G119-H119 -> -17416269
D120: 45736 | E120: 1458-1 | F120: PEREZ BARROSO, S.R.L. | H120: 114000 | I120: =I119+G120-H120 -> -17530269
D121: 45736 | E121: 1460-1 | F121: RETENCION 0.5% POR TRASF. VIA LIBRAMIENTOS A PROVEERDORES | H121: 3660 | I121: =I120+G121-H121 -> -17533929
D122: 45736 | E122: 1460-1 | F122: SEVEN PHARMA DR, S.R.L. | H122: 69540 | I122: =I121+G122-H122 -> -17603469
D123: 45736 | E123: 1462-1 | F123: RETENCION 0.5% POR TRASF. VIA LIBRAMIENTOS A PROVEERDORES | H123: 50000 | I123: =I122+G123-H123 -> -17653469
D124: 45736 | E124: 1462-1 | F124: ALIANZA INNOVADORA DE SERVICIOS AMBIENTALES, S. R. L. | H124: 950000 | I124: =I123+G124-H124 -> -18603469
D125: 45736 | E125: 1464-1 | F125: RETENCION 0.5% POR TRASF. VIA LIBRAMIENTOS A PROVEERDORES | H125: 100500 | I125: =I124+G125-H125 -> -18703969
D126: 45736 | E126: 1464-1 | F126: LABORATORIOS ANTILLANOSS EDMAR, S.A. | H126: 1909500 | I126: =I125+G126-H126 -> -20613469
D127: 45736 | E127: 1466-1 | F127: RETENCION 0.5% POR TRASF. VIA LIBRAMIENTOS A PROVEERDORES | H127: 13170 | I127: =I126+G127-H127 -> -20626639
D128: 45736 | E128: 1466-1 | F128: INVERSIONES ND & ASOCIADOS, S.R.L. | H128: 250230 | I128: =I127+G128-H128 -> -20876869
... D132: 45736 | E132: 1470-1 | F132: INVERSIONES ND & ASOCIADOS, S.R.L. | H132: 61058.4 | I132: =I131+G132-H132 -> -22051887
D133: 45737 | F133: TRANSF. DE CUENTA 3000 A 3001 PARA PAGOS | G133: 1180763.3 | I133: =I132+G133-H133 -> -20871124
D134: 45737 | E134: 1504-1 | F134: RETENCION 0.5% POR TRASF. VIA LIBRAMIENTOS A PROVEERDORES | H134: 6317.694 | I134: =I133+G134-H134 -> -20877441
D135: 45737 | E135: 1504-1 | F135: IRUMED, E.I.R.L. | H135: 142779.89 | I135: =I134+G135-H135 -> -21020221
D136: 45737 | E136: 1510-1 | F136: RETENCION 0.5% POR TRASF. VIA LIBRAMIENTOS A PROVEERDORES | H136: 5700 | I136: =I135+G136-H136 -> -21025921
D137: 45737 | E137: 1510-1 | F137: INNOVACIONES MEDICAS DEL CARIBE INNOVAMED, S.R.L. | H137: 128820 | I137: =I136+G137-H137 -> -21154741
D138: 45737 | E138: 1507-1 | F138: RETENCION 0.5% POR TRASF. VIA LIBRAMIENTOS A PROVEERDORES | H138: 24774 | I138: =I137+G138-H138 -> -21179515
D139: 45737 | E139: 1507-1 | F139: PROFARES, S.R.L. | H139: 470706 | I139: =I138+G139-H139 -> -21650221
D140: 45737 | E140: 1487-1 | F140: RETENCION 0.5% POR TRASF. VIA LIBRAMIENTOS A PROVEERDORES | H140: 4980 | I140: =I139+G140-H140 -> -21655201
D141: 45737 | E141: 1487-1 | F141: AMIPHARMA DOMINICANA, S. R. L. | H141: 94620 | I141: =I140+G141-H141 -> -21749821
D142: 45737 | E142: 1489-1 | F142: RETENCION 0.5% POR TRASF. VIA LIBRAMIENTOS A PROVEERDORES | H142: 109365 | I142: =I141+G142-H142 -> -21859186
D143: 45737 | E143: 1489-1 | F143: AMIPHARMA DOMINICANA, S. R. L. | H143: 2077935 | I143: =I142+G143-H143 -> -23937121
D144: 45737 | E144: 1491-1 | F144: RETENCION 0.5% POR TRASF. VIA LIBRAMIENTOS A PROVEERDORES | H144: 6184 | I144: =I143+G144-H144 -> -23943305
D145: 45737 | E145: 1491-1 | F145: AMIPHARMA DOMINICANA, S. R. L. | H145: 117496 | I145: =I144+G145-H145 -> -24060801
... D157: 45738 | E157: 1517-1 | F157: IMPORTADORA COAV, S.R.L. | H157: 773279.34 | I157: =I156+G157-H157 -> -33087015
...

Sheet EGRESOS CTA.  OPERT. 160
A5: Servicio Nacional de Salud
C6: Instituto Nacional del Cáncer Rosa Emilia Sánchez Pérez de Tavares
C7: Cuenta Operativa No. 160-112796-8
C8: Libro Banco
C9: Del 01 Al 31 De Marzo 2025
D12: Cuenta Bancaria No: 160-112796-8
D13: Balance Inicial: | I13: =+'[1]CTA. OPERATIVA.(160)'!$J$1343 -> 749952.86
D14: Fecha | E14: No. Ck/Transf. | F14: Descripcion | G14: Debito | H14: Credito | I14: Balance
F15: =+'INGRESOS CUENTA COLECT'!D17 -> 45716 | H15: 0 | I15: =+I13 -> 749952.86
D16: 06/03/205 | E16: 2353 | F16: REINTEGRO CK. 2353, BENEFICIARIOMARTIN ARACENA POR FECHA DE VENCIMIENTO | G16: 26600 | I16: =I15+G16-H16 -> 776552.86
D17: 06/03/205 | E17: 2370 | F17: REINTEGRO CK. 2370, BENEFICIARIO MCONFESORA RODRIGUEZ RODRIGUEZ POR FECHA DE VENCIMIENTO | G17: 2060.16 | I17: =I16+G17-H17 -> 778613.02
D18: 06/03/205 | E18: 2434 | F18: IHARA CRISTI LOW FERNANDEZ BAUTISTA | H18: 28800 | I18: =I17+G18-H18 -> 749813.02
D19: 06/03/205 | E19: 2432 | F19: REINTEGRO CK. 2432, BENEFICIARIO JOSEFINA FABIAN SARANTE POR FALLECIMIENTO BENEFICIARIO | G19: 19356 | I19: =I18+G19-H19 -> 769169.02
D20: 45726 | F20: PAGO IMPUESTO 0.15% | H20: 24.89 | I20: =I19+G20-H20 -> 769144.13
D21: 45727 | F21: PAGO IMPUESTO 0.15% | H21: 24.24 | I21: =I20+G21-H21 -> 769119.89
D22: 45729 | F22: PAGO IMPUESTO 0.15% | H22: 14.61 | I22: =I21+G22-H22 -> 769105.28
D23: 45730 | F23: PAGO IMPUESTO 0.15% | H23: 15 | I23: =I22+G23-H23 -> 769090.28
D24: 45733 | F24: PAGO IMPUESTO 0.15% | H24: 7.5 | I24: =I23+G24-H24 -> 769082.78
D25: 45734 | F25: PAGO IMPUESTO 0.15% | H25: 124.95 | I25: =I24+G25-H25 -> 768957.83
D26: 45736 | F26: PAGO IMPUESTO 0.15% | H26: 31.14 | I26: =I25+G26-H26 -> 768926.69
D27: 45736 | E27: 2435 | F27: IHARA CRISTI LOW FERNANDEZ BAUTISTA | H27: 32400 | I27: =I26+G27-H27 -> 736526.69
D28: 45736 | E28: 2436 | F28: JOHANNY CAROLINA CONTRERAS GONZALEZ | H28: 3600 | I28: =I27+G28-H28 -> 732926.69
D29: 45741 | F29: PAGO IMPUESTO 0.15% | H29: 24.89 | I29: =I28+G29-H29 -> 732901.8
D30: 45736 | E30: 2437 | F30: MARIA GRECIA GARCIA DE DURAN | H30: 37215.82 | I30: =I29+G30-H30 -> 695685.98
D31: 45736 | E31: 0003-2025 | F31: COMISION NACIONAL DE ENERGIA | H31: 12000 | I31: =I30+G31-H31 -> 683685.98
D32: 45747 | F32: PAGO IMPUESTO 0.15% | H32: 18 | I32: =I31+G32-H32 -> 683667.98
D33: 45747 | F33: CARGOS POR SERVICIOS (RETENCION DE ESTADO) | H33: 175 | I33: =I32+G33-H33 -> 683492.98
I34: =I33+G34-H34 -> 683492.98
I35: =I34+G35-H35 -> 683492.98
I36: =I35+G36-H36 -> 683492.98
I37: =I36+G37-H37 -> 683492.98
I38: =I37+G38-H38 -> 683492.98
I39: =I38+G39-H39 -> 683492.98
I40: =I39+G40-H40 -> 683492.98
I41: =I40+G41-H41 -> 683492.98
I42: =I41+G42-H42 -> 683492.98
I43: =I42+G43-H43 -> 683492.98
I44: =I43+G44-H44 -> 683492.98
I45: =I44+G45-H45 -> 683492.98
... I75: =I74+G75-H75 -> 683492.98
C76: Totales | G76: =SUM(G16:G75) -> 48016.16 | H76: =SUM(H16:H75) -> 114476.04 | I76: =+I15+G76-H76 -> 683492.98 | J76: =+I76-'[1]CTA. OPERATIVA.(160)'!$J$1361 -> 0
D80: ____________________ | F80: _________________________ | H80: ______________________________
D81: Preparado Por: | F81: Revisado Por: | H81: Aprobabdo Por:
D82: Lcda. Julia Villar Pimentel | F82: Lic. Jose Ml. Padilla Lopez | H82: Lcda. Sandra Ciprian
D83: Analista Financiera | F83: Encargado Dpto. Contabilidad | H83: Encargada Dpto. Financiera

Sheet EGRESOS CTA. NOMINA
A6: Servicio Nacional de Salud
D8: Instituto Nacional del Cáncer Rosa Emilia Sánchez Pérez de Tavares
D9: Cuenta Bancaria No: 0100202000
D10: Libro Banco
D11: Del 01 Al 31 De Marzo 2025
E13: Cuenta Bancaria No: 0100202000
E14: Balance Inicial: | J14: =+'[1]CTA. NOMINA 2000'!$G$1531 -> 85342967
E15: Fecha | F15: No. Ck/Transf. | G15: Descripcion | H15: Debito | I15: Credito | J15: Balance
G16: =+'INGRESOS CUENTA COLECT'!D17 -> 45716 | I16: 0 | J16: =+J14 -> 85342967
E17: 45720 | G17: REINTEGRO MONTO PRESTACIONES DESVINCULACION Y PROPORCION DE VACACIONES NO DISFRUTADAS A EX COLABORADORES | H17: 635106.74 | J17: =J16+H17-I17 -> 85978074
E18: 45722 | G18: ASIGANCION CUOTA DE PAGO DESDE CTA 2000 A 2001 | H18: 24789.76 | J18: =J17+H18-I18 -> 86002863
E19: 45722 | G19: ASIGANCION CUOTA DE PAGO DESDE CTA 2000 A 2001 | I19: 24789.76 | J19: =J18+H19-I19 -> 85978074
E20: 45723 | F20: 993-1 | G20: NOMINA REITEGRO DE PERSONAL FIJO FEBRERO 2025 FG | I20: 24789.76 | J20: =J19+H20-I20 -> 85953284
E21: 45726 | F21: 1091-1 | G21: AYUNTAMIENTO DISTRITO NACIONAL (ADN) | I21: 31200 | J21: =J20+H21-I21 -> 85922084
E22: 45726 | F22: 1094-1 | G22: CORPORACION DEL ACUEDUCTO Y ALCANTARILLADO DE SANTO DOMINGO, CAASD | I22: 188352 | J22: =J21+H22-I22 -> 85733732
E23: 45726 | F23: 1096-1 | G23: ALTICE DOMINICANA, S.A. | I23: 17952.31 | J23: =J22+H23-I23 -> 85715779
E24: 45726 | F24: 1098-1 | G24: COMPAÑÍA DOMINICANA DE TELEFONOS | I24: 462793.31 | J24: =J23+H24-I24 -> 85252986
E25: 45726 | F25: 1102-1 | G25: DISTRIBUIDORES INTERNACIONALES DE PETROLEO, S.A. | I25: 328600 | J25: =J24+H25-I25 -> 84924386
E26: 45733 | G26: ASIGNACION PRESUPUESTARIA PARA PAGO NOMINAS | H26: 57989800 | J26: =J25+H26-I26 -> 1.4291419e+08
E27: 45733 | G27: ASIGNACION PRESUPUESTARIA PARA GASTOS | H27: 1010358.8 | J27: =J26+H27-I27 -> 1.4392455e+08
E28: 45733 | G28: ACUERDO AUMENTO DE LOS MEDICOS FBRERO-25 | H28: 3502478.9 | J28: =J27+H28-I28 -> 1.4742702e+08
E29: 45733 | G29: DEPOSITO VIA TRANSF. PRESIDENCIA DE LA REPUBLICA DOMINICANA RD$389,240.00 por el Programa supérate, por concepto de Pago Fact. B1500019296 ayuda humanitaria para cubrir gastos medicos A la señora Rafaela Sanchez de los Santos, sgun oficio #4349 fecha 25/02/25 | H29: 389240 | J29: =J28+H29-I29 -> 1.4781626e+08
E30: 45734 | G30: ASIGANCION CUOTA DE PAGO DESDE CTA 2000 A 2001 | H30: 38985456 | J30: =J29+H30-I30 -> 1.8680172e+08
E31: 45734 | G31: ASIGANCION CUOTA DE PAGO DESDE CTA 2000 A 2001 | I31: 38985456 | J31: =J30+H31-I31 -> 1.4781626e+08
E32: 45735 | G32: ASIGANCION CUOTA DE PAGO DESDE CTA 2000 A 2001 | H32: 1458440.2 | J32: =J31+H32-I32 -> 1.492747e+08
E33: 45735 | G33: ASIGANCION CUOTA DE PAGO DESDE CTA 2000 A 2001 | I33: 1458440.2 | J33: =J32+H33-I33 -> 1.4781626e+08
E34: 45736 | G34: ASIGANCION CUOTA DE PAGO DESDE CTA 2000 A 2001 | H34: 15665369 | J34: =J33+H34-I34 -> 1.6348163e+08
E35: 45736 | G35: ASIGANCION CUOTA DE PAGO DESDE CTA 2000 A 2001 | I35: 15665369 | J35: =J34+H35-I35 -> 1.4781626e+08
E36: 45736 | F36: 1298-1 | G36: RETENCION ISR SALARIAL POR TRASF. VIA LIBRAMIENTOS NOMINA | I36: 2297.25 | J36: =J35+H36-I36 -> 1.4781397e+08
E37: 45736 | F37: 1298-1 | G37: NOMINA COMPENSACION MIILITAR MARZO 2025, FONDO GENERAL | I37: 97702.75 | J37: =J36+H37-I37 -> 1.4771626e+08
E38: 45736 | F38: 1300-1 | G38: RETENCION ISR SALARIAL POR TRASF. VIA LIBRAMIENTOS NOMINA | I38: 11646.4 | J38: =J37+H38-I38 -> 1.4770462e+08
E39: 45736 | F39: 1300-1 | G39: NOMINA COMPENSACION ESPECIAL MARZO 2025 FONDO GENERAL | I39: 104817.57 | J39: =J38+H39-I39 -> 1.475998e+08
E40: 45736 | F40: 1302-1 | G40: RETENCION ISR SALARIAL POR TRASF. VIA LIBRAMIENTOS NOMINA | I40: 17794.75 | J40: =J39+H40-I40 -> 1.4758201e+08
E41: 45736 | F41: 1302-1 | G41: NOMINA PERSONAL CARÁCTER TEMPORAL (CICLOTRON)MARZO 2025 FONDO GENERAL | I41: 236032.17 | J41: =J40+H41-I41 -> 1.4734597e+08
E42: 45736 | F42: 1304-1 | G42: RETENCION ISR SALARIAL POR TRASF. VIA LIBRAMIENTOS NOMINA | I42: 40274.12 | J42: =J41+H42-I42 -> 1.473057e+08
E43: 45736 | F43: 1304-1 | G43: NOMINA PERSONAL CARÁCTER EVENTUAL EXTRANJEROS MARZO 2025 FG | I43: 310149.72 | J43: =J42+H43-I43 -> 1.4699555e+08
E44: 45736 | F44: 1306-1 | G44: RETENCION ISR SALARIAL POR TRASF. VIA LIBRAMIENTOS NOMINA | I44: 39872.55 | J44: =J43+H44-I44 -> 1.4695568e+08
E45: 45736 | F45: 1306-1 | G45: NOMINA PERSONAL CARÁCTER SUPLENCIA MARZO 2025 FG | I45: 358852.97 | J45: =J44+H45-I45 -> 1.4659682e+08
E46: 45736 | F46: 1310-1 | G46: RETENCION ISR SALARIAL POR TRASF. VIA LIBRAMIENTOS NOMINA | I46: 1805521.1 | J46: =J45+H46-I46 -> 1.447913e+08
E47: 45736 | F47: 1310-1 | G47: NOMINA PERSONAL CARÁCTER TEMPORAL MARZO 2025 FONDO GENERAL | I47: 34529814 | J47: =J46+H47-I47 -> 1.1026149e+08
... E59: 45736 | F59: 1559-1 | G59: NOMINA PERSONAL CARÁCTER SUPLENCIA ENERO-FEBREO 2025 FG | I59: 31980.26 | J59: =J58+H59-I59 -> 91626998
E60: 45740 | G60: ASIGANCION CUOTA DE PAGO DESDE CTA 2000 A 2001 | H60: 1028897.6 | J60: =J59+H60-I60 -> 92655896
E61: 45740 | G61: ASIGANCION CUOTA DE PAGO DESDE CTA 2000 A 2001 | I61: 1028897.6 | J61: =J60+H61-I61 -> 91626998
E62: 45740 | G62: ACUERDO AUMENTO DE LOS MEDICOS MARZO-25 | H62: 3502478.9 | J62: =J61+H62-I62 -> 95129477
E63: 45741 | G63: PAGO INDEMNIZACION A EX COLABORADORES SENTENCIA 2024-0063848-MARZO-2025 | H63: 1628440.2 | J63: =J62+H63-I63 -> 96757917
E64: 45747 | G64: ASIGANCION CUOTA DE PAGO DESDE CTA 2000 A 2001 | H64: 80000 | J64: =J63+H64-I64 -> 96837917
E65: 45747 | G65: ASIGANCION CUOTA DE PAGO DESDE CTA 2000 A 2001 | I65: 80000 | J65: =J64+H65-I65 -> 96757917
J66: =J65+H66-I66 -> 96757917
J67: =J66+H67-I67 -> 96757917
J68: =J67+H68-I68 -> 96757917
J69: =J68+H69-I69 -> 96757917
D70: Totales | H70: =SUM(H17:H69) -> 1.2590086e+08 | I70: =SUM(I17:I69) -> 1.1448591e+08 | J70: =+J16+H70-I70 -> 96757917 | K70: =+J70-'[1]CTA. NOMINA 2000'!$G$1580 -> 0
E78: ____________________ | G78: ____________________________________________ | I78: _________________________
E79: Preparado Por: | G79: Revisado Por: | I79: Aprobabdo Por:
E80: Lcda. Julia Villar Pimentel | G80: Lic. Jose Ml. Padilla Lopez | I80: Lcda. Sandra Ciprian
E81: Analista Financiera | G81: Encargado Dpto. Contabilidad | I81: Encargada Dpto. Financiera

Sheet EGRESOS CTA. FONDOCYT
A6: Servicio Nacional de Salud
D8: Instituto Nacional del Cáncer Rosa Emilia Sánchez Pérez de Tavares
D9: Cuenta Bancaria No: 9602576155
D10: Libro Banco
D11: Del 01 Al 31 De Marzo 2025
E14: Cuenta Bancaria No: 9602576155
E15: - | J15: =+'[1]CTA. FONDOCYT 960'!$J$92 -> 1195020.3
E16: Fecha | F16: No. Ck/Transf. | G16: Descripcion | H16: Debito | I16: Credito | J16: Balance
G17: =+'INGRESOS CUENTA COLECT'!D17 -> 45716 | I17: 0 | J17: =+J15 -> 1195020.3
J18: =J17+H18-I18 -> 1195020.3
E19: 45747 | G19: CARGOS POR SERVICIOS (RETENCION DE ESTADO) | I19: 175 | J19: =J18+H19-I19 -> 1194845.3
D20: Totales | H20: 0 | I20: =SUM(I18:I19) -> 175 | J20: =+J15+H20-I20 -> 1194845.3 | K20: =+J20-'[1]CTA. FONDOCYT 960'!$J$93 -> 0
E25: ____________________ | G25: ______________________________ | I25: _________________________
E26: Preparado Por: | G26: Revisado Por: | I26: Aprobabdo Por:
E27: Lcda. Julia Villar Pimentel | G27: Lic. Jose Ml. Padilla Lopez | I27: Lcda. Sandra Ciprian
E28: Analista Financiera | G28: Encargado Dpto. Contabilidad | I28: Encargada Dpto. Financiera

Sheet EGRESOS CTA. 2000 ONCO
A6: Servicio Nacional de Salud
D8: Instituto Nacional del Cáncer Rosa Emilia Sánchez Pérez de Tavares
D9: Cuenta Bancaria No: 04002002000
D10: Libro Banco
D11: Del 01 Al 31 De Marzo 2025
C12: CENTRO ONCOPEDIATRIA
E13: Cuenta Bancaria No: 04002002000
E14: Balance Inicial: | J14: =+'[1]CTA. 2000 ONCO'!$G$11 -> 980606.4
E15: Fecha | F15: No. Ck/Transf. | G15: Descripcion | H15: Debito | I15: Credito | J15: Balance
G16: =+'INGRESOS CUENTA COLECT'!D17 -> 45716 | I16: 0 | J16: =+J14 -> 980606.4
J17: =J16+H17-I17 -> 980606.4
J18: =J17+H18-I18 -> 980606.4
J19: =J18+H19-I19 -> 980606.4
E20: 45747 | J20: =J19+H20-I20 -> 980606.4
J21: =J20+H21-I21 -> 980606.4
J22: =J21+H22-I22 -> 980606.4
D23: Totales | H23: =SUM(H17:H22) -> 0 | I23: =SUM(I17:I22) -> 0 | J23: =+J16+H23-I23 -> 980606.4 | K23: =+J23-'[1]CTA. 2000 ONCO'!$G$11 -> 0
E31: ____________________ | G31: ____________________________________________ | I31: _________________________
E32: Preparado Por: | G32: Revisado Por: | I32: Aprobabdo Por:
E33: Lcda. Julia Villar Pimentel | G33: Lic. Jose Ml. Padilla Lopez | I33: Lcda. Sandra Ciprian
E34: Analista Financiera | G34: Encargado Dpto. Contabilidad | I34: Encargada Dpto. Financiera

Sheet Hoja2
A1: CENTRO ONCOPEDIATRIA NO. 04002002000
